 Dungeon Crawl Stone Soup version 0.25-a0-1056-g2efb326896 (webtiles) character file.

Game seed: 16441796655938313166, levelgen mode: classic

39 Amnesiac the Skirmisher (level 3, -2/22 HPs)
             Began as a Deep Elf Fighter on May 13, 2020.
             Killed by divine providence
             ... invoked by an orc priest
              (13 damage)
             ... on level 3 of the Dungeon.
             The game lasted 00:04:07 (1319 turns).

Amnesiac the Skirmisher (Deep Elf Fighter)          Turns: 1319, Time: 00:04:07

Health: -2/22      AC:  8    Str: 14    XL:     3   Next: 28%
Magic:  6/6        EV:  7    Int: 12    God:
Gold:   59         SH:  8    Dex: 14    Spells: 2/2 levels left

rFire    . . .     SeeInvis .   a - +0 war axe
rCold    . . .     Gourm    .   c - +0 kite shield
rNeg     . . .     Faith    .   b - +0 scale mail
rPois    .         Spirit   .   (no helmet)
rElec    .         Reflect  .   i - +1 cloak
rCorr    .         Harm     .   (no gloves)
MR       .....                  (no boots)
Stlth    ..........             (no amulet)
HPRegen  0.07/turn              (no ring)
MPRegen  0.10/turn              (no ring)

@: mighty
A: no striking features
a: no special abilities


You were on level 3 of the Dungeon.
You were not hungry.

You visited 1 branch of the dungeon, and saw 5 of its levels.

You collected 59 gold pieces.

Inventory:

Hand Weapons
 a - a +0 war axe (weapon)
Missiles
 j - 99 stones
 q - 12 poisoned darts (quivered)
Armour
 b - a +0 scale mail (worn)
 c - a +0 kite shield (worn)
 g - a +0 robe of the Archmagi
 i - a +1 cloak (worn)
Jewellery
 r - an uncursed ring of teleportation
Wands
 l - a wand of flame (22)
Potions
 e - a potion of lignification {!q, unknown}
 o - a potion of curing {!q}
Comestibles
 f - 3 rations


   Skills:
 - Level 2.5 Fighting
 - Level 2.0 Axes
 - Level 2.4 Armour
 - Level 2.0 Dodging
 - Level 2.4 Shields
 + Level 1.9 Evocations


You had 2 spell levels left.
You didn't know any spells.
Your spell library was empty.

Dungeon Overview and Level Annotations

Branches:
Dungeon (5/15)
 Temple: D:4-7

Altars:

Annotations:
D:4 Grinder


Message History

Magic restored.
You feel sick.
You start resting.
You feel sick.
You are no longer poisoned.
Some of the chunks of flesh in your inventory have rotted away.
You start resting.
Eating a chunk of flesh.
You eat the chunk of flesh.
This raw flesh tastes terrible.
HP restored.
You open the door.
There is an open door here.
q - 10 poisoned darts (gained 1)
q - 11 poisoned darts (gained 1)
q - 12 poisoned darts (gained 1)
You now have 45 gold pieces (gained 10).
A hobgoblin comes into view. It is wielding a -2 club.
The hobgoblin shouts!
You slash the hobgoblin!
You kill the hobgoblin!
No target in view!
No target in view!
A hobgoblin comes into view.
The hobgoblin shouts!
You slash the hobgoblin!
You kill the hobgoblin!
No target in view!
You now have 59 gold pieces (gained 14).
Found a stone staircase leading down.
Found a hand axe.
There is a stone staircase leading down here.
You climb downwards.
Level annotation: Grinder An adder and 3 jackals come into view.
The orc priest shouts!
The orc shouts!
The adder hisses angrily.
You hear a bark!
You hear a shout! x3
A jackal comes into view.
The jackal bites you.
An orc wizard comes into view. It is wielding a -1 dagger.
You block the orc priest's attack.
The orc wizard gestures wildly while chanting.
The orc wizard flickers and vanishes!
Deactivating autopickup; reactivate with Ctrl-A.
The orc priest looks braver for a moment.
A hound comes into view.
The orc wizard casts a spell.
The orc wizard flickers and vanishes!
The jackal closely misses you.
The orc priest invokes the aid of Beogh against you.
Beogh smites you!
There is a stone staircase leading up here.
The hound barks!
The orc hits you but does no damage. The jackal closely misses you.
The orc priest mumbles some strange prayers to Beogh against you.
You barely resist.
You climb upwards.
Reactivating autopickup.
There is a stone staircase leading down here.
Really quaff
d - a potion of might {!q}?
You feel very mighty all of a sudden. The jackal barely misses you.
The orc hits you.
* * * LOW HITPOINT WARNING * * *
The orc priest mumbles some strange prayers to Beogh against you.
Beogh smites you!
Ouch! That really hurt!
You die...

#.# #.# #.# #.#
#.# #.#
#.##########
#####..o.o......
..).....h@##...
###########
##### #....
#.... #....
#.... #....
#.... #....


You could see an orc priest, an orc and a jackal.

Vanquished Creatures
  An adder (D:3)
  A dart slug (D:3)
  2 leopard geckos (D:3)
  3 bats
  7 hobgoblins
  4 kobolds
  3 frilled lizards
  2 goblins (D:1)
  2 rats (D:3)
25 creatures vanquished.

Notes
Turn   | Place    | Note
-------+----------+-------------------------------------------
     0 | D:1      | Amnesiac the Deep Elf Fighter began the quest for the Orb.
     0 | D:1      | Reached XP level 1. HP: 13/13 MP: 3/3
   413 | D:1      | Reached skill level 1 in Dodging
   436 | D:2      | Reached XP level 2. HP: 17/18 MP: 4/4
   767 | D:3      | Reached skill level 1 in Evocations
   931 | D:5      | Entered Level 5 of the Dungeon
   948 | D:4      | Noticed Grinder
   982 | D:3      | Reached XP level 3. HP: 14/22 MP: 4/6
  1319 | D:3      | Killed from afar by an orc priest

Illustrated notes

Levels and vault maps discovered:
D:1:      dpeg_arrival_morbid_curiosity, layout_loops_ring
D:2:      layout_rooms, grunt_ministairs_9, roderic_lattice_a,
          kennysheep_cluttered_room
D:3:      minmay_diamond_boxcup, layout_basic, first_ration, minmay_liquid_box,
          chequers_garden
D:4:      layout_cave_pools, fedhas_ov_isle_minmay, overflow_temple_1_default,
          chequers_serial_rivers_marsh, uniq_pikel, uniq_eustachio, uniq_grinder
D:5:      minmay_skewed_foursquare, layout_basic, uniq_edmund, uniq_sigmund

Skill      XL: |  1  2 |
---------------+-------+-----
Axes           | 2 |  2.0
Dodging        | 1 2 |  2.0
Evocations     | 1 |  1.9
Fighting       | |  2.5
Armour         | |  2.4
Shields        | |  2.4

Action                   || total
-------------------------++-------
Melee: War axe           ||    80
Throw: Dart              ||     3
  Use: Scroll            ||     5
       Potion            ||     1
  Eat: Chunk             ||     1
Armor: Scale mail        ||    36
Dodge: Dodged            ||    23
Block: Kite shield       ||    49

Table legend:
 A = Non-vault XP
 B = Vault XP
 C = Vault XP percentage of total XP
 D = Non-vault monster count
 E = Vault monster count
 F = Vault count percentage of total count
                 A         B        C        D         E       F
            +---------+---------+-------+---------+---------+-------
      Total |      45 |      12 |  21.1 |      18 |       7 |  28.0
            +---------+---------+-------+---------+---------+-------
        D:1 |       2 |       9 |  81.8 |       1 |       5 |  83.3
        D:2 |       3 |       3 |  50.0 |       2 |       2 |  50.0
        D:3 |      40 |       0 |   0.0 |      15 |       0 |   0.0
            +---------+---------+-------+---------+---------+-------
